 Dungeon Crawl Stone Soup version 0.18.1-8-gdd0e5ea (webtiles) character file.

3978 matakusis the Shield-Bearer (level 10, -2/76 HPs)
             Began as a Demonspawn Gladiator on June 11, 2016.
             Was a Believer of Ru.
             Slain by a gnoll sergeant
             ... wielding a +0 halberd
              (6 damage)
             ... in a bailey.
             The game lasted 00:30:34 (6050 turns).

matakusis the Shield-Bearer (Demonspawn Gladiator)  Turns: 6050, Time: 00:30:34

Health: -2/76      AC: 17    Str: 19      XL:     10   Next: 2%
Magic:  12/12      EV:  9    Int:  8 (9)  God:    Ru [**....]
Gold:   269        SH:  6    Dex: 11 (12) Spells: 0 memorised, 9 levels left

rFire  x . .     SeeInvis +     a - +1 war axe
rCold  + + +     Gourm    .     x - +1 chain mail of the Grue {rC++ SInv Stlth+}
rNeg   . . .     Faith    +     s - +1 buckler
rPois  .         Spirit   .     g - +2 helmet
rElec  .         Dismiss  .     b - +0 cloak
rCorr  .         Reflect  .     (no gloves)
SustAt .         Harm     .     (no boots)
MR     .....                    k - amulet of faith
Stlth  ..........               (no ring)
                                w - ring of ice (curse)

@: not resistant to hostile enchantments, extremely unstealthy
A: hooves 2, slimy green scales 1, clumsy 1, deterioration 1, powered by death
1, no fire magic, no hexes magic, no translocations magic, MP-powered wands,
unskilled 1
a: Renounce Religion


You were in a bailey.
You worshipped Ru.
Ru was pleased with you.
You were not hungry.

You visited 1 branch of the dungeon, and saw 7 of its levels.
You also visited: Bailey.

You collected 269 gold pieces.

Inventory:

Hand Weapons
 a - a +1 war axe (weapon)
 i - a +0 mace of venom
Missiles
 d - 9 throwing nets (quivered)
Armour
 b - a +0 cloak (worn)
 g - a +2 helmet (worn)
 s - a +1 buckler (worn)
 x - the +1 chain mail of the Grue (worn) {rC++ SInv Stlth+}
   (You found it on level 5 of the Dungeon)

   It greatly protects you from cold.
   It lets you see invisible.
   It makes you more stealthy.
Jewellery
 k - an amulet of faith (around neck)
 w - a cursed ring of ice (left hand)
Wands
 c - a wand of polymorph (8/24)
 e - a wand of slowing (14/48)
 q - a wand of teleportation (2/9)
Scrolls
 h - 3 scrolls of identify
 m - a scroll of enchant armour
 v - 2 scrolls of magic mapping
 B - a scroll of amnesia {unknown}
Potions
 o - a potion of brilliance
 r - a potion of flight
 A - a potion of resistance
Books
 y - a book of Geomancy

   Spells                             Type                      Level
   a - Sandblast                      Earth                        1
   b - Passwall                       Transmutation/Earth          2
   c - Stone Arrow                    Conjuration/Earth            3
   d - Petrify                        Transmutation/Earth          4
   e - Lee's Rapid Deconstruction     Earth                        5
Comestibles
 f - 4 bread rations
 l - 14 chunks of flesh
 n - 4 fruits
 p - 2 meat rations
 t - 3 beef jerkies
 u - 2 slices of pizza


   Skills:
 + Level 5.9 Fighting
 + Level 6.3(6.7) Axes
 + Level 3.2(5.2) Maces & Flails
 - Level 1.5 Throwing
 + Level 5.5 Armour
 + Level 5.3 Dodging
 * Level 6.6 Shields
 + Level 3.3 Evocations


You had 9 spell levels left.
You didn't know any spells.

Dungeon Overview and Level Annotations

Branches:
Dungeon (7/15)
 Temple: D:4-7

Altars:
Cheibriados
Elyvilon
Okawaru
Pakellas
Ru
Sif Muna
Yredelemnul

Shops:
D:4 ?


Innate Abilities, Weirdness & Mutations

You have hoof-like feet.
You are partially covered in slimy green scales (AC +2).
You regenerate a little health from kills.
You cannot study or cast Fire magic.
You cannot study or cast Hexes magic.
You cannot study or cast Translocations magic.
You are somewhat unskilled (-1 Apt).
You are clumsy. (Dex -2)
Your body sometimes deteriorates upon taking damage.
You expend magic power (3 MP) to strengthen your wands.


Message History

The gnoll shaman begins to pray, but is stunned by your will!
The gnoll sergeant barely misses you.
The gnoll sergeant hits you from afar with a halberd.
* * * LOW HITPOINT WARNING * * *
The gnoll shaman hits you but does no damage.
Drink which item? (? for menu, Esc to quit)
You feel better.
The gnoll sergeant hits you with a halberd.
* * * LOW HITPOINT WARNING * * *
The gnoll sergeant hits you but does no damage. x2
You block the gnoll shaman's attack.
The gnoll sergeant hits you but does no damage.
Drink which item? (? for menu, Esc to quit)
Okay, then.
Read which item? (? for menu, Esc to quit)
Okay, then.
The gnoll sergeant misses you.
You redirect the gnoll shaman's attack!
The gnoll sergeant hits you from afar with a halberd.
You die...

♣≈.######'''######.≈♣
♣≈ #.))# .≈♣ ♣
#####+#..)# #≈♣
#.....#)))# ≈♣
#8....##'##
#....##...##
#..g##.....##
#.g.#.......#
###'#..@8...#
#.g.#.......#
#...##.gg..##
#..gg##...## ..
#8...g##g## ...8
#.....#)g.#.....
##...))gg.'....#
##...#)..#...##
#####...#####


You could see 3 gnoll sergeants and 2 gnoll shamans.

Vanquished Creatures
  The ghost of Rationalist the Skirmisher, an amateur MiBe of Trog (D:4)
  A black bear (D:6)
  An orc warrior (D:7)
  A sky beast (D:7)
  2 ice beasts (D:5)
  An ogre (D:3)
  3 centaurs
  2 gnoll sergeants (Bailey)
  A scorpion (D:7)
  2 crimson imps (D:5)
  2 giant frog zombies
  3 hounds
  An iron imp (D:6)
  A jelly (D:6)
  2 orc priests (D:5)
  A giant frog skeleton (D:4)
  2 gnoll shamans (Bailey)
  7 orc wizards
  5 worker ants
  Robin (D:4)
  7 adders
  13 gnolls (Bailey)
  2 shadow imps (D:5)
  An ooze (D:2)
  2 adder skeletons (D:4)
  A worm (D:2)
  A dart slug (D:2)
  4 giant geckos
  22 orcs
  10 giant cockroaches
  6 hobgoblins
  3 jackals (D:4)
  14 kobolds
  4 quokkas
  4 ball pythons
  9 bats
  A giant cockroach zombie (D:5)
  2 giant gecko skeletons
  5 giant newts
  23 goblins
  8 rats
182 creatures vanquished.

Vanquished Creatures (others)
  A worker ant (D:6)
  An adder (D:7)
2 creatures vanquished.

Grand Total: 184 creatures vanquished

Notes
Turn   | Place    | Note
--------------------------------------------------------------
     0 | D:1      | matakusis the Demonspawn Gladiator began the quest for the Orb.
     0 | D:1      | Reached XP level 1. HP: 16/16 MP: 1/1
   176 | D:1      | Gained mutation: You have large cloven feet. [demonic ancestry]
   176 | D:1      | Reached XP level 2. HP: 19/22 MP: 2/2
   873 | D:2      | Gained mutation: You are partially covered in slimy green scales (AC +2). [demonic ancestry]
   873 | D:2      | Reached XP level 3. HP: 17/27 MP: 3/3
   937 | D:2      | Found a sacrificial altar of Ru.
   965 | D:2      | Reached skill level 1 in Armour
  1055 | D:2      | Became a worshipper of Ru the Awakened
  1097 | D:2      | Reached XP level 4. HP: 25/34 MP: 4/4
  1718 | D:2      | Gained mutation: Your body sometimes deteriorates upon taking damage. [potion of mutation]
  1718 | D:2      | Gained mutation: You are clumsy. (Dex -2) [potion of mutation]
  1718 | D:2      | Gained mutation: You expend magic power (3 MP) to strengthen your wands. [potion of mutation]
  1777 | D:3      | Reached XP level 5. HP: 7/39 MP: 5/5
  2240 | D:3      | Reached skill level 1 in Shields
  2259 | D:3      | Gained mutation: You cannot study or cast Fire magic. [Ru sacrifice]
  2259 | D:3      | Gained mutation: You cannot study or cast Hexes magic. [Ru sacrifice]
  2259 | D:3      | Gained mutation: You cannot study or cast Translocations magic. [Ru sacrifice]
  2259 | D:3      | Reached * piety under Ru
  2568 | D:3      | Found a white marble altar of Elyvilon.
  2768 | D:4      | Noticed an ogre
  2773 | D:4      | Noticed Robin
  2894 | D:3      | Killed an ogre
  2894 | D:3      | Gained mutation: You regenerate a little health from kills. [demonic ancestry]
  2894 | D:3      | Reached XP level 6. HP: 15/47 MP: 6/6
  3255 | D:4      | Noticed Rationalist's ghost (amateur MiBe)
  3268 | D:4      | Killed Rationalist's ghost
  3392 | D:4      | Reached XP level 7. HP: 52/52 MP: 7/7
  3409 | D:4      | Killed Robin
  3409 | D:4      | Reached skill level 1 in Maces & Flails
  3446 | D:4      | Found Hyagh's Magic Scroll Shop.
  3858 | D:5      | Entered Level 5 of the Dungeon
  3879 | D:5      | Got a slimy chain mail
  3890 | D:5      | Identified the +1 chain mail of the Grue {rC++ SInv Stlth+} (You found it on level 5 of the Dungeon)
  3918 | D:5      | Found an iron altar of Okawaru.
  4588 | D:5      | Reached XP level 8. HP: 40/60 MP: 8/8
  4768 | D:5      | Reached skill level 5 in Axes
  5100 | D:6      | Found a deep blue altar of Sif Muna.
  5183 | D:6      | Found a basalt altar of Yredelemnul.
  5183 | D:6      | Found an oddly glowing altar of Pakellas.
  5388 | D:6      | Found a snail-covered altar of Cheibriados.
  5401 | D:6      | Gained mutation: You are somewhat unskilled (-1 Apt). [Ru sacrifice]
  5401 | D:6      | Reached ** piety under Ru
  5586 | D:7      | Reached skill level 5 in Axes
  5696 | D:7      | Found a flagged portal.
  5702 | Bailey   | Entered a bailey
  5707 | Bailey   | Reached skill level 5 in Fighting
  5707 | Bailey   | Reached skill level 5 in Armour
  5707 | Bailey   | Reached skill level 5 in Dodging
  5707 | Bailey   | Gained mutation: You have hoof-like feet. [demonic ancestry]
  5707 | Bailey   | Reached XP level 9. HP: 45/69 MP: 8/11
  5806 | Bailey   | Reached XP level 10. HP: 44/76 MP: 12/12
  6039 | Bailey   | HP: 2/76 [gnoll sergeant/halberd (8)]
  6046 | Bailey   | HP: 3/76 [gnoll sergeant/halberd (3)]
  6050 | Bailey   | Slain by a gnoll sergeant

Skill      XL: |  1  2  3  4  5  6  7  8 |
---------------+-------------------------+-----
Axes           | 3 4 6 |  6.3
Dodging        | 3 5 |  5.3
Armour         | 1 2 3 4 5 |  5.5
Shields        | 1 2 3 6 |  6.6
Fighting       | 3 4 5 |  5.9
Maces & Flails | 1 3 |  3.2
Evocations     | 3 |  3.3
Throwing       | |  1.5

Action                   |  1- 3 |  4- 6 |  7- 9 | 10-12 || total
-------------------------+-------+-------+-------+-------++-------
Melee: War axe           |   130 |   201 |   406 |    44 ||   781
       Kick              |    25 |    55 |    81 |    19 ||   180
       Mace              |       |    31 |       |       ||    31
       Unarmed           |       |       |     2 |       ||     2
Invok: Sacrifice Arcana  |       |     1 |       |       ||     1
       Sacrifice Skill   |       |       |     1 |       ||     1
  Use: Scroll            |       |     8 |     3 |       ||    11
       Potion            |       |     8 |     7 |     3 ||    18
 Stab: Paralysed         |     2 |       |       |       ||     2
       Invisible         |       |     1 |     1 |     2 ||     4
       Distracted        |       |       |     1 |       ||     1
  Eat: Chunk             |     1 |     7 |    10 |     1 ||    19
Armor: Plate armour      |   132 |   214 |    34 |       ||   380
       Skin              |       |     2 |       |       ||     2
       Chain mail        |       |       |   287 |    48 ||   335
Dodge: Dodged            |    32 |    67 |   185 |    42 ||   326
Block: Buckler           |       |    49 |   149 |    32 ||   230
